[ AOE2 MATCH · #513749764 ]
UnrankedKoreans vs Civ #60
Player's team · LOSS
Rival team · WIN
[ REPLAY ANALYSIS · EXTRACTED FROM THE RECORDED GAME ]
Feudal
15:16
Castle
38:39
Imperial
45:54
| APM avg | 35.1 |
| APM peak | 93 |
| eAPM avg | 19.8 |
| Villagers / military | 61 / 15 |
Focus
⚔️ 17.7% · 🌾 82.3%
Fishing Ship ×12 · Hulk ×5 · Knight ×5 · Spearman ×2 · War Wagon ×2 · Trebuchet (Packed) ×1
Feudal
13:33
Castle
26:05
Imperial
47:04
| APM avg | 18.0 |
| APM peak | 45 |
| eAPM avg | 13.5 |
| Villagers / military | 95 / 55 |
Focus
⚔️ 31.4% · 🌾 68.6%
Unknown (2705) ×64 · Unknown (2703) ×31 · Fishing Ship ×21 · Militia ×17 · Knight ×15 · Longboat ×11
Match map
Initial resources + every placement click. Lines = walls · curves = elevation contours. ◆ gold · ⬟ stone · ● berries · ✦ relic · ◌ wall gap
Your base· Open — 3t gap
AggressiveAlgae's base· Open — 2t gap
Smoothed initial terrain · ◌ = detected wall gap · hover for details
Inputs per minute
— angelferoz - - AggressiveAlgae
Build order — angelferoz
First 150 of 174 actions detected
| 0:37 | Build | Dock |
| 0:59 | Build | Town Center |
| 3:08 | Queue | Villager (Male) |
| 3:09 | Queue | Villager (Male) |
| 3:10 | Queue | Villager (Male) |
| 3:10 | Queue | Villager (Male) |
| 3:19 | Build | House |
| 3:36 | Queue | Villager (Male) |
| 4:14 | Build | Palisade Wall |
| 4:20 | Research | Loom |
| 4:20 | Research | Loom |
| 4:23 | Queue | Villager (Male) |
| 4:24 | Queue | Villager (Male) |
| 4:54 | Build | House |
| 5:36 | Queue | Fishing Ship |
| 5:36 | Queue | Fishing Ship |
| 5:37 | Queue | Fishing Ship |
| 5:38 | Queue | Villager (Male) |
| 6:22 | Queue | Villager (Male) |
| 6:42 | Build | Palisade Wall |
| 6:49 | Queue | Fishing Ship |
| 6:49 | Queue | Fishing Ship |
| 6:51 | Queue | Villager (Male) |
| 7:07 | Build | Palisade Wall |
| 7:26 | Queue | Villager (Male) |
| 8:03 | Queue | Villager (Male) |
| 8:14 | Queue | Villager (Male) |
| 8:27 | Build | Outpost |
| 8:38 | Build | House |
| 8:40 | Queue | Villager (Male) |
| 8:40 | Queue | Villager (Male) |
| 8:49 | Queue | Fishing Ship |
| 8:49 | Queue | Fishing Ship |
| 8:56 | Build | House |
| 9:13 | Queue | Villager (Male) |
| 9:29 | Queue | Villager (Male) |
| 9:30 | Queue | Villager (Male) |
| 9:42 | Queue | Villager (Male) |
| 9:43 | Queue | Fishing Ship |
| 9:43 | Queue | Fishing Ship |
| 9:44 | Queue | Fishing Ship |
| 9:51 | Queue | Villager (Male) |
| 9:51 | Queue | Villager (Male) |
| 10:07 | Build | Palisade Wall |
| 10:20 | Build | Outpost |
| 10:24 | Queue | Villager (Male) |
| 10:32 | Queue | Villager (Male) |
| 10:32 | Queue | Villager (Male) |
| 10:53 | Queue | Villager (Male) |
| 11:02 | Queue | Fishing Ship |
| 11:03 | Queue | Fishing Ship |
| 11:05 | Queue | Villager (Male) |
| 11:05 | Queue | Villager (Male) |
| 11:38 | Build | Palisade Wall |
| 11:46 | Build | Palisade Wall |
| 12:01 | Build | Palisade Wall |
| 12:20 | Build | House |
| 12:29 | Build | Mill |
| 13:04 | Research | Feudal Age |
| 13:16 | Build | Mining Camp |
| 13:57 | Build | House |
| 14:01 | Build | House |
| 15:16 | Age | Feudal Age |
| 15:19 | Build | Outpost |
| 15:22 | Research | Town Watch |
| 15:27 | Build | Lumber Camp |
| 15:29 | Queue | Villager (Male) |
| 15:30 | Queue | Villager (Male) |
| 15:30 | Queue | Villager (Male) |
| 15:31 | Queue | Villager (Male) |
| 15:40 | Build | Watch Tower |
| 15:57 | Build | Watch Tower |
| 16:08 | Queue | Villager (Male) |
| 16:20 | Build | Watch Tower |
| 16:26 | Queue | Villager (Male) |
| 16:38 | Build | Stone Wall |
| 16:40 | Build | Stone Wall |
| 16:42 | Build | Stone Wall |
| 17:14 | Queue | Hulk |
| 17:15 | Queue | Hulk |
| 17:41 | Queue | Villager (Male) |
| 17:42 | Queue | Villager (Male) |
| 18:03 | Build | Watch Tower |
| 18:11 | Build | Stone Wall |
| 18:26 | Build | Stone Wall |
| 18:28 | Build | Stone Wall |
| 18:31 | Build | Stone Wall |
| 18:44 | Build | Stone Wall |
| 18:50 | Research | Fishing Lines |
| 19:01 | Queue | Villager (Male) |
| 19:02 | Queue | Villager (Male) |
| 19:18 | Build | Blacksmith |
| 19:29 | Queue | Villager (Male) |
| 19:30 | Queue | Villager (Male) |
| 19:38 | Queue | Villager (Male) |
| 19:56 | Build | Outpost |
| 20:26 | Queue | Villager (Male) |
| 20:32 | Build | Mining Camp |
| 20:38 | Research | Fletching |
| 20:38 | Research | Fletching |
| 21:00 | Build | Watch Tower |
| 21:03 | Queue | Villager (Male) |
| 21:09 | Research | Forging |
| 21:09 | Research | Forging |
| 21:10 | Research | Forging |
| 22:29 | Build | Farm |
| 22:29 | Build | Farm |
| 22:29 | Build | Farm |
| 22:30 | Build | Farm |
| 22:30 | Build | Farm |
| 22:30 | Build | Farm |
| 22:34 | Queue | Villager (Male) |
| 22:35 | Queue | Villager (Male) |
| 22:36 | Queue | Villager (Male) |
| 23:28 | Build | House |
| 24:21 | Build | Watch Tower |
| 24:31 | Build | House |
| 24:33 | Queue | Villager (Male) |
| 24:34 | Queue | Villager (Male) |
| 24:34 | Queue | Villager (Male) |
| 24:51 | Build | Dock |
| 25:40 | Build | Watch Tower |
| 25:59 | Queue | Hulk |
| 26:00 | Queue | Hulk |
| 26:20 | Build | House |
| 26:21 | Queue | Villager (Male) |
| 26:23 | Queue | Villager (Male) |
| 27:24 | Queue | Hulk |
| 27:35 | Build | Watch Tower |
| 28:07 | Build | Watch Tower |
| 28:23 | Build | Farm |
| 28:23 | Build | Farm |
| 28:23 | Build | Farm |
| 28:24 | Build | Farm |
| 28:24 | Build | Farm |
| 28:24 | Build | Farm |
| 28:27 | Queue | Villager (Male) |
| 28:28 | Queue | Villager (Male) |
| 29:34 | Build | Stone Wall |
| 29:41 | Build | House |
| 29:42 | Build | House |
| 29:43 | Build | House |
| 30:06 | Build | Market |
| 32:10 | Build | Barracks |
| 34:16 | Queue | Spearman |
| 34:16 | Queue | Spearman |
| 34:44 | Build | Watch Tower |
| 35:17 | Build | Dock |
| 36:05 | Research | Castle Age |
| 36:43 | Build | Stable |
Build order — AggressiveAlgae
First 150 of 303 actions detected
| 0:04 | Build | Town Center |
| 0:07 | Build | House |
| 0:09 | Build | House |
| 0:40 | Build | Dock |
| 2:27 | Queue | Villager (Male) |
| 2:28 | Queue | Villager (Male) |
| 2:28 | Queue | Villager (Male) |
| 3:27 | Queue | Villager (Male) |
| 3:48 | Queue | Villager (Male) |
| 4:47 | Queue | Fishing Ship |
| 4:48 | Queue | Fishing Ship |
| 4:49 | Research | Loom |
| 4:55 | Build | Outpost |
| 5:03 | Queue | Villager (Male) |
| 5:27 | Queue | Fishing Ship |
| 5:46 | Queue | Villager (Male) |
| 5:54 | Build | House |
| 6:10 | Queue | Villager (Male) |
| 6:32 | Queue | Fishing Ship |
| 6:41 | Queue | Villager (Male) |
| 6:47 | Build | Outpost |
| 7:00 | Queue | Villager (Male) |
| 7:31 | Queue | Villager (Male) |
| 7:40 | Queue | Villager (Male) |
| 7:58 | Build | Mill |
| 8:11 | Queue | Villager (Male) |
| 8:25 | Build | House |
| 8:31 | Queue | Villager (Male) |
| 8:53 | Build | House |
| 9:12 | Build | Palisade Wall |
| 9:15 | Queue | Villager (Male) |
| 9:39 | Queue | Villager (Male) |
| 10:03 | Queue | Villager (Male) |
| 10:18 | Queue | Villager (Male) |
| 10:21 | Queue | Fishing Ship |
| 10:21 | Queue | Fishing Ship |
| 10:22 | Queue | Fishing Ship |
| 10:55 | Build | Barracks |
| 10:58 | Queue | Villager (Male) |
| 11:21 | Research | Feudal Age |
| 11:30 | Build | Mining Camp |
| 12:15 | Build | House |
| 12:17 | Build | House |
| 12:19 | Queue | Militia |
| 12:55 | Build | Farm |
| 13:24 | Queue | Villager (Male) |
| 13:24 | Queue | Villager (Male) |
| 13:33 | Age | Feudal Age |
| 13:46 | Queue | Militia |
| 13:47 | Queue | Militia |
| 13:47 | Queue | Militia |
| 13:47 | Queue | Militia |
| 13:48 | Queue | Militia |
| 13:49 | Research | Man-at-Arms (upgrade) |
| 14:06 | Build | Barracks |
| 14:09 | Queue | Villager (Male) |
| 14:21 | Queue | Militia |
| 14:22 | Research | Arson |
| 14:25 | Queue | Villager (Male) |
| 14:32 | Build | Blacksmith |
| 14:50 | Queue | Villager (Male) |
| 14:56 | Research | Man-at-Arms (upgrade) |
| 15:10 | Build | Lumber Camp |
| 15:33 | Research | Town Watch |
| 15:55 | Build | House |
| 15:56 | Build | House |
| 16:09 | Queue | Villager (Male) |
| 16:11 | Queue | Villager (Male) |
| 16:14 | Research | Forging |
| 16:37 | Queue | Militia |
| 16:37 | Queue | Militia |
| 16:37 | Queue | Militia |
| 16:57 | Queue | Villager (Male) |
| 17:02 | Build | Mining Camp |
| 17:07 | Build | Dock |
| 17:25 | Queue | Villager (Male) |
| 17:26 | Queue | Villager (Male) |
| 17:47 | Queue | Fishing Ship |
| 17:47 | Queue | Fishing Ship |
| 18:12 | Build | Farm |
| 18:13 | Build | Farm |
| 18:14 | Build | Farm |
| 18:17 | Queue | Villager (Male) |
| 18:34 | Build | Watch Tower |
| 18:36 | Research | Fletching |
| 18:54 | Build | House |
| 18:55 | Build | House |
| 19:21 | Build | Lumber Camp |
| 19:27 | Queue | Villager (Male) |
| 19:55 | Queue | Villager (Male) |
| 20:26 | Build | Farm |
| 20:29 | Build | Farm |
| 20:39 | Build | Farm |
| 20:40 | Queue | Villager (Male) |
| 20:44 | Research | Double-Bit Axe |
| 21:03 | Queue | Fishing Ship |
| 21:04 | Queue | Fishing Ship |
| 21:11 | Queue | Villager (Male) |
| 21:14 | Queue | Militia |
| 21:14 | Queue | Militia |
| 21:14 | Queue | Militia |
| 21:15 | Queue | Militia |
| 21:44 | Queue | Villager (Male) |
| 21:50 | Build | Market |
| 22:03 | Queue | Villager (Male) |
| 22:21 | Queue | Galley |
| 22:21 | Queue | Galley |
| 22:21 | Queue | Galley |
| 22:21 | Queue | Galley |
| 22:25 | Queue | Villager (Male) |
| 22:58 | Queue | Villager (Male) |
| 23:25 | Research | Castle Age |
| 23:39 | Build | Farm |
| 23:43 | Build | Farm |
| 23:49 | Queue | Galley ×3 |
| 23:55 | Build | House |
| 23:57 | Build | House |
| 23:57 | Build | House |
| 23:58 | Build | House |
| 24:12 | Research | Scale Mail Armor |
| 24:22 | Queue | Fishing Ship |
| 24:22 | Queue | Fishing Ship |
| 24:23 | Queue | Fishing Ship |
| 24:52 | Queue | Militia |
| 24:52 | Queue | Militia |
| 24:55 | Queue | Militia |
| 25:06 | Research | Fishing Lines |
| 25:07 | Queue | Fishing Ship ×4 |
| 25:25 | Research | Stone Mining |
| 25:25 | Research | Gold Mining |
| 26:05 | Age | Castle Age |
| 26:25 | Build | Castle |
| 26:36 | Queue | Villager (Male) |
| 26:36 | Queue | Villager (Male) |
| 27:15 | Build | Town Center |
| 27:18 | Queue | Villager (Male) |
| 27:20 | Queue | Unit 2705 |
| 27:23 | Queue | Villager (Male) |
| 27:23 | Queue | Villager (Male) |
| 27:57 | Queue | Unit 2705 |
| 27:58 | Queue | Unit 2705 |
| 27:58 | Queue | Unit 2705 |
| 28:19 | Queue | Villager (Male) |
| 28:36 | Research | War Galley (upgrade) |
| 28:50 | Queue | Villager (Male) |
| 28:51 | Queue | Villager (Male) |
| 28:52 | Queue | Villager (Male) |
| 29:17 | Queue | Unit 2705 ×2 |
| 29:22 | Queue | Villager (Male) |
| 29:24 | Research | Wheelbarrow |
Match timeline
| 0:37 | angelferoz · first_building Dock |
| 0:40 | AggressiveAlgae · first_building Dock |
| 4:14 | angelferoz · wall_segment Palisade Wall x6 |
| 6:42 | angelferoz · wall_segment Palisade Wall x7 |
| 7:07 | angelferoz · wall_segment Palisade Wall x4 |
| 9:12 | AggressiveAlgae · wall_segment Palisade Wall x1 |
| 10:07 | angelferoz · wall_segment Palisade Wall x4 |
| 10:55 | AggressiveAlgae · first_building Barracks |
| 11:38 | angelferoz · wall_segment Palisade Wall x9 |
| 11:46 | angelferoz · wall_segment Palisade Wall x14 |
| 12:01 | angelferoz · wall_segment Palisade Wall x8 |
| 13:33 | AggressiveAlgae · age_up feudal |
| 15:16 | angelferoz · age_up feudal |
| 16:38 | angelferoz · wall_segment Stone Wall x1 |
| 16:40 | angelferoz · wall_segment Stone Wall x1 |
| 16:42 | angelferoz · wall_segment Stone Wall x1 |
| 18:11 | angelferoz · wall_segment Stone Wall x1 |
| 18:26 | angelferoz · wall_segment Stone Wall x1 |
| 18:28 | angelferoz · wall_segment Stone Wall x1 |
| 18:31 | angelferoz · wall_segment Stone Wall x1 |
| 18:44 | angelferoz · wall_segment Stone Wall x12 |
| 22:49 | AggressiveAlgae · first_market_sell 100 stone |
| 22:50 | AggressiveAlgae · first_market_buy 100 food |
| 26:05 | AggressiveAlgae · age_up castle |
| 26:25 | AggressiveAlgae · first_building Castle |
| 29:34 | angelferoz · wall_segment Stone Wall x1 |
| 30:30 | AggressiveAlgae · first_building Siege Workshop |
| 31:59 | angelferoz · first_market_buy 100 wood |
| 32:10 | angelferoz · first_building Barracks |
| 33:46 | AggressiveAlgae · first_building Stable |
| 36:43 | angelferoz · first_building Stable |
| 38:39 | angelferoz · age_up castle |
| 40:59 | angelferoz · first_building Castle |
| 42:44 | angelferoz · first_market_sell 100 wood |
| 45:54 | angelferoz · age_up imperial |
| 47:04 | AggressiveAlgae · age_up imperial |
| 47:32 | angelferoz · resign |
[ AI ANALYSIS · 1 CREDIT ]
What really happened in this match?
Wolo.gg analyzes every decision: build order, eco, micro, common mistakes by bracket. Personalized analysis on WhatsApp or Discord in 30 seconds.
Civ guide
Koreans
Perfil
Jugador #25090144